 Dungeon Sprint DCSS version 0.22.1-2-g9c5b331 (console) character file.

571 verb the Cleaver (level 7, -3/69 HPs)
             Began as a Hill Orc Fighter on Dec 22, 2018.
             Was an Initiate of Makhleb.
             Slain by a sun demon (16 damage)
             ... summoned by a kobold demonologist
             ... in the Dungeon (Sprint I: "Red Sonja").
             The game lasted 00:11:12 (484 turns).

verb the Cleaver (Hill Orc Fighter)                  Turns: 484, Time: 00:11:12

Health: -3/69      AC:  8    Str: 20    XL:     7   Next: 34%
Magic:  8/8        EV: 10    Int:  8    God:    Makhleb [......]
Gold:   216        SH: 11    Dex: 11    Spells: 6/6 levels left

rFire    . . .     SeeInvis .   a - +0 war axe
rCold    . . .     Gourm    .   c - +0 shield
rNeg     . . .     Faith    .   b - +0 scale mail
rPois    .         Spirit   .   (no helmet)
rElec    .         Reflect  .   (no cloak)
rCorr    .         Harm     .   (no gloves)
MR       .....     NoTele   +   (no boots)
Stlth    ..........             (no amulet)
HPRegen  0.21/turn              (no ring)
MPRegen  0.11/turn              (no ring)

@: no status effects
A: no striking features
a: Renounce Religion


You were in the Dungeon.
You worshipped Makhleb.
Makhleb was noncommittal.
You were not hungry.

You visited 1 branch You collected 216 gold pieces.

Inventory:

Hand Weapons
 a - a +0 war axe (weapon)
Armour
 b - a +0 scale mail (worn)
 c - a +0 shield (worn)
Wands
 e - a wand of random effects (29)
Scrolls
 k - a scroll of blinking
Potions
 h - a potion of haste
 i - 2 potions of magic
 j - a potion of berserk rage
Comestibles
 f - a ration


   Skills:
 + Level 8.9 Fighting
 + Level 10.5 Axes
 + Level 8.8 Armour
 + Level 3.5 Dodging
 + Level 8.3 Shields
 + Level 1.7 Evocations


You had 6 spell levels left.
You didn't know any spells.
Your spell library was empty.

Dungeon Overview and Level Annotations

Branches:
Dungeon (1/1)

Altars:
Makhleb
Xom
Jiyva
Lugonu


Message History

You slash the kobold demonologist!
The kobold demonologist is heavily wounded.
You block the sun demon's attack.
The kobold demonologist mumbles some strange words.
You closely miss the kobold demonologist.
The kobold demonologist is heavily wounded.
You slash the sun demon!
The sun demon looks more healthy.
The kobold demonologist gestures wildly while chanting.
You block the sun demon's attack.
The crimson imp blinks!
The kobold demonologist hits you but does no damage.
You closely miss the kobold demonologist.
The kobold demonologist is heavily wounded.
You closely miss the sun demon. You slash the chaos spawn!
The sun demon barely The kobold demonologist gestures wildly while chanting.
You hit the kobold demonologist but do no damage.
The kobold demonologist is heavily wounded.
You slash the orange demon! You hit the chaos spawn. You hit the sun demon.
The
* * * LOW HITPOINT WARNING * * *
You are engulfed in flames!
You die...

######################
..'..#..'..#__#4@3K55#
[)#..').#..'..'4K#35.#
####+#####+#__#### ..+
#### ##


You could see a sun demon, an orange demon, 2 kobold demonologists, a sixfirhy,
a chaos spawn, a quasit, a crimson imp and an ufetubus.

Vanquished Creatures
  A slime creature (D)
  Sigmund (D)
  A floating eye (D)
  An ogre (D)
  Ijyb (D)
5 creatures vanquished.

Notes
Turn   | Place    | Note
-------+----------+-------------------------------------------
     0 | D        | verb the Hill Orc Fighter began the quest for the Orb.
     0 | D        | Reached XP level 1. HP: 19/19 MP: 1/1
     1 | D        | Noticed Ijyb
    42 | D        | Killed Ijyb
    42 | D        | Reached skill level 5 in Fighting
    42 | D        | Reached skill level 4 in Axes
    42 | D        | Reached skill level 1 in Dodging
    42 | D        | Reached XP level 2. HP: 9/29 MP: 2/2
    42 | D        | Reached XP level 3. HP: 12/36 MP: 3/3
   240 | D        | Noticed an ogre
   247 | D        | Killed an ogre
   247 | D        | Reached skill level 5 in Axes
   247 | D        | Reached XP level 4. HP: 40/44 MP: 4/4
   274 | D        | Noticed Sigmund
   280 | D        | Killed Sigmund
   280 | D        | Reached skill level 8 in Axes
   280 | D        | Reached XP level 5. HP: 30/53 MP: 5/5
   280 | D        | Reached XP level 6. HP: 34/61 MP: 6/6
   425 | D        | Found a burning altar of Makhleb.
   425 | D        | Found a viscous altar of Jiyva.
   425 | D        | Found a shimmering altar of Xom.
   425 | D        | Found a corrupted altar of Lugonu.
   425 | D        | Noticed a slime creature
   441 | D        | Killed a slime creature
   441 | D        | Reached skill level 10 in Axes
   441 | D        | Reached skill level 1 in Evocations
   441 | D        | Reached XP level 7. HP: 26/69 MP: 6/8
   457 | D        | Became a worshipper of Makhleb the Destroyer
   473 | D        | Noticed a kobold demonologist
   475 | D        | Paralysed by a floating eye for 4 turns
   475 | D        | Noticed a kobold demonologist
   477 | D        | Noticed a sun demon
   479 | D        | Noticed a sixfirhy
   482 | D        | Noticed a chaos spawn
   484 | D        | Noticed an orange demon
   484 | D        | Slain by a sun demon

Skill      XL: |  1  2  3  4  5  6 |
---------------+-------------------+-----
Fighting       | 5 6 7 8 |  8.9
Axes           | 4 5 8 10 | 10.5
Armour         | 4 6 7 8 |  8.8
Dodging        | 1 2 3 |  3.5
Shields        | 4 6 7 8 |  8.3
Evocations     | 1 |  1.7

Action                   |  1- 3 |  4- 6 |  7- 9 || total
-------------------------+-------+-------+-------++-------
Melee: War axe           |    41 |    18 |     6 ||    65
Evoke: Wand              |     1 |     3 |     1 ||     5
  Use: Potion            |     3 |       |       ||     3
Armor: Scale mail        |    23 |       |       ||    23
Dodge: Dodged            |    12 |     6 |     2 ||    20
Block: Shield            |    24 |     5 |     3 ||    32
